 Dungeon Crawl Stone Soup version 0.28.0 (webtiles) character file.

Game seed: 10471310127114978085

95555 jjjjhere the Unseen (level 15, 0/61 HPs)
             Began as a Spriggan Brigand on Feb 8, 2022.
             Was a High Priest of Makhleb.
             Succumbed to a sea snake's poison
             ... on level 2 of the Shoals on Feb 9, 2022.
             The game lasted 01:34:37 (41731 turns).

jjjjhere the Unseen (Spriggan Brigand)             Turns: 41731, Time: 01:34:38

Health: 0/61       AC: 11    Str:  7    XL:     15   Next: 66%
Magic:  26/26      EV: 48    Int: 22    God:    Makhleb [*****.]
Gold:   1202       SH:  9    Dex: 26    Spells: 11/14 levels left

rFire   + . .      SeeInvis +   Q - +6 long sword of Nightmares {venom, Fly Will- Int+3}
rCold   . . .      Faith    .   S - +0 buckler
rNeg    . . .      Spirit   .   M - +1 robe {rF+}
rPois   +          Reflect  .   U - +0 hat "Sethrang" {rPois Int+4 Dex+4}
rElec   .          Harm     .   j - scarf {repulsion}
rCorr   .          Rampage  .   (gloves unavailable)
Will    +....                   (boots unavailable)
Stlth   ++++++++..              C - amulet of the acrobat
HPRegen 0.20/turn               u - +4 ring of protection
MPRegen 0.20/turn               F - +4 ring of protection

@: lethally poisoned (0 -> -15), acrobatic, flying, studying 2 skills, repel
missiles, very quick
A: very small, no large weapons, unfitting armour, see invisible, speed 3, frail
1
a: Renounce Religion, Minor Destruction, Lesser Servant of Makhleb, Major
Destruction, Greater Servant of Makhleb


You were on level 2 of the Shoals.
You worshipped Makhleb.
Makhleb was extremely pleased with you.
You visited 4 branches of the dungeon, and saw 25 of its levels.
You also visited: Ossuary and Gauntlet.

You collected 2052 gold pieces.
You spent 850 gold pieces at shops.

Inventory:

Hand Weapons
 a - a +5 short sword of venom
 b - a +3 rapier of speed
 g - the +7 quick blade of Sunlight {vorpal, *Corrode rF+ Str+7}
   (You acquired it on level 14 of the Dungeon)

   It inflicts extra damage upon your enemies.
   Str:       It affects your strength (+7).
   rF:        It protects you from fire.
   *Corrode:  It may corrode you when you take damage.
 w - a +3 scimitar of electrocution
 Q - the +6 long sword of Nightmares (weapon) {venom, Fly Will- Int+3}
   (You bought it in a shop on level 15 of the Dungeon)

   It poisons the flesh of those it strikes.
   Int:       It affects your intelligence (+3).
   Fly:       It grants you flight.
   Will:      It decreases your willpower.
Missiles
 d - 35 poisoned darts
 e - 7 curare-tipped darts
 z - 3 atropa-tipped darts
 G - 24 boomerangs (quivered)
 P - 4 throwing nets
Armour
 j - a scarf of repulsion (worn)
 o - a +3 troll leather armour {Snorg}
 M - a +1 robe of fire resistance (worn)
 S - a +0 buckler (worn)
 U - the +0 hat "Sethrang" (worn) {rPois Int+4 Dex+4}
   (You found it in a Gauntlet)

   Int:       It affects your intelligence (+4).
   Dex:       It affects your dexterity (+4).
   rPois:     It protects you from poison.
Jewellery
 s - a ring of protection from cold
 u - a +4 ring of protection (left hand)
 C - an amulet of the acrobat (around neck)
 F - a +4 ring of protection (right hand)
Wands
 f - a wand of mindburst (17)
 v - a wand of flame (48)
 D - a wand of digging (5)
 J - a wand of paralysis (23)
 O - a wand of polymorph (5)
 T - a wand of acid (7)
 W - a wand of charming (8)
Scrolls
 c - 7 scrolls of teleportation
 h - 4 scrolls of vulnerability
 l - a scroll of holy word
 n - 4 scrolls of amnesia
 p - 3 scrolls of fear
 q - 2 scrolls of blinking
 r - 2 scrolls of enchant weapon
 y - a scroll of acquirement
 B - a scroll of summoning
 E - 4 scrolls of enchant armour
 L - a scroll of brand weapon
 V - 3 scrolls of fog
Potions
 i - 5 potions of brilliance
 k - 6 potions of heal wounds
 m - 2 potions of invisibility
 t - 2 potions of flight
 x - 3 potions of haste
 A - 2 potions of berserk rage
 H - 10 potions of curing
 I - a potion of cancellation
 K - 3 potions of mutation
 N - a potion of resistance
 R - a potion of might
 Y - 3 potions of magic
 Z - 2 potions of ambrosia
Miscellaneous
 X - a box of beasts


   Skills:
 - Level 3.0 Fighting
 - Level 9.9(13.3) Short Blades
 + Level 11.0(12.0) Long Blades
 - Level 6.1 Throwing
 - Level 14.7 Dodging
 - Level 20.0 Stealth
 - Level 5.5 Shields
 + Level 2.1 Hexes
 - Level 14.0 Invocations
 - Level 5.1 Evocations


You had 11 spell levels left.
You knew the following spells:

 Your Spells              Type           Power      Damage    Failure   Level
a - Confusing Touch       Hex            9%         N/A       36%         3

Your spell library contained the following spells:

 Spells                   Type           Power      Damage    Failure   Level
 Slow                     Hex            36%        N/A       13%         1
 Corpse Rot               Necr/Air       0%         N/A       43%         2
 Poisonous Vapours        Pois/Air       0%         N/A       43%         2
 Dazzling Flash           Conj/Hex       8%         N/A       52%         3
 Inner Flame              Hex/Fire       4%         N/A       52%         3
 Summon Guardian Golem    Hex/Summ       4%         N/A       52%         3
 Cause Fear               Hex            4%         N/A       77%         4
 Iskenderun's Mystic Bla  Conj/Tloc      0%         2d3       97%         4
 Yara's Violent Unravell  Hex/Tmut       2%         3d3       99%         5
 Starburst                Conj/Fire      0%         6d3       100%        6
 Enfeeble                 Hex            4%         N/A       100%        7
 Storm Form               Tmut/Air       0%         N/A       100%        7
 Borgnjor's Revivificati  Necr           0%         N/A       100%        8
 Discord                  Hex            4%         N/A       100%        8
 Necromutation            Tmut/Necr      0%         N/A       100%        8
 Death's Door             Necr           0%         N/A       100%        9


Dungeon Overview and Level Annotations

Branches:
Dungeon (15/15) Temple (0/1) D:7 D:8 Lair (6/6) D:11 Shoals (2/4) Lair:2 Spider (0/4) Lair:4 Slime (0/5) Lair:6 Orc (2/2) D:9 Elf (0/3) Orc:2 Vaults (0/5) D:13 Ossuary (visited) Gauntlet (visited) Depths: D:15

Altars:
Gozag
Hepliaklqana
Kikubaaqudgha
Makhleb
Ru
Trog
The Shining One
Jiyva

Shops:
D:2 [   D:3 ?   D:4 [   D:5 [   D:6 [   D:7 [   D:9 (   D:15 (   Orc:2 [[*

Annotations:
D:6 3 runed translucent doors, danielguo94's ghost, amateur GrFi
Lair:2 2 transporters
Orc:2 exclusion: upstairs


Innate Abilities, Weirdness & Mutations

You are very small and have problems with some larger weapons.
You are too small for most types of armour.
You have supernaturally acute eyesight. (SInv)
You cover ground extremely quickly. (Speed+++)
You are frail. (-10% HP)


Message History

You easily resist.
You hit the merfolk avatar.
The merfolk avatar is lightly wounded.
You feel very sick.
The sea snake bites you but does no damage.
Your unstable footing causes you to fumble your attack.
You feel very sick.
Your ufetubus completely misses the drowned soul.
Your ufetubus misses the drowned soul.
The merfolk avatar chants a haunting song.
You resist with almost no effort. You block the sea snake's attack.
You puncture the merfolk avatar!
The merfolk avatar looks as sick as possible!
The merfolk avatar is lightly wounded.
You feel very sick.
Your ufetubus disappears in a puff of smoke! x2
Your ufetubus misses the drowned soul. Your ufetubus hits the drowned soul.
The sea snake misses you.
You hit the merfolk avatar but do no damage.
The merfolk avatar looks as sick as possible!
The merfolk avatar is moderately wounded.
You feel very sick.
The merfolk avatar chants a haunting song.
You resist with almost no effort. The drowned soul touches you.
The drowned soul drowns you!
* * * LOW HITPOINT WARNING * * *
Your +5 short sword of venom stops dripping with poison.
You feel clever.
You fly up into the air.
The +6 long sword of Nightmares {venom, Fly Will- Int+3} begins to drip with poison!
Q - the +6 long sword of Nightmares (weapon)
{venom, Fly Will- Int+3}
* * * LOW HITPOINT WARNING * * *
You feel sick. The sea snake bites you!
* * * LOW HITPOINT WARNING * * *
You are no longer glowing.
* * * LOW HITPOINT WARNING * * *
You feel very sick.
Your ufetubus disappears in a puff of smoke!
Your ynoxinul gestures.
You die...

≈≈≈≈≈≈≈≈≈≈≈≈≈≈≈P≈≈≈≈≈≈≈
≈≈≈≈≈≈≈≈≈≈≈≈≈≈≈≈PP≈PPP≈≈≈
≈≈≈≈≈≈≈≈≈≈≈≈≈≈≈≈P≈P5PPPP≈≈
≈≈≈≈≈≈≈≈≈≈≈≈≈≈≈.≈..P..)≈5≈
≈≈≈≈≈≈≈≈W≈≈≈≈≈≈≈≈≈.P..5)≈≈
≈≈≈≈≈≈≈≈≈≈5≈.§≈≈≈≈≈5≈≈.)≈.
≈≈≈≈≈≈≈≈≈≈≈≈..≈≈≈≈≈≈≈≈.≈≈.
≈≈≈≈≈≈≈≈≈≈≈35≈≈≈≈≈≈≈≈≈≈≈≈.
≈≈≈≈≈≈m≈≈@5≈≈≈≈≈≈≈≈≈≈≈≈≈≈.
≈≈≈≈≈≈≈≈≈≈≈≈..≈..≈≈..≈≈≈≈≈
≈≈≈≈≈≈S≈≈≈≈≈.....≈≈≈...≈≈≈
≈≈≈≈≈≈≈.5≈≈≈......≈≈≈≈....
≈≈≈≈≈≈≈.≈≈≈≈..##...≈≈≈≈≈≈≈
≈≈≈≈≈≈≈≈≈≈≈≈≈..#...≈≈≈≈≈≈≈
≈≈≈≈≈≈≈≈≈≈..≈...≈ ≈≈≈≈≈≈≈≈
≈≈≈≈≈≈..≈.......≈ ≈≈≈≈≈≈≈≈
≈PP≈≈≈..(....≈.. ≈≈≈≈≈≈≈≈


You could see a merfolk avatar (extremely poisoned, ally target), a sea snake
(ally target), a drowned soul (summoned), a friendly ynoxinul (summoned) and 4
friendly ufetubi.

Vanquished Creatures
  An orc warlord (Orc:2)
  Nessos (Lair:4)
  Snorg (Lair:3)
  A merfolk impaler (Shoals:1)
  9 hydras
  Harold (D:9)
  2 vault guards
  A jorogumo (shapeshifter) (D:13)
  5 boulder beetles
  2 centaur warriors (D:15)
  7 two-headed ogres
  2 tengu warriors
  2 orc high priests (Orc:2)
  7 death yaks
  Urug (D:10)
  Nergalle (D:10)
  A sea snake (Shoals:2)
  6 harpies
  3 wizards (D:13)
  2 deep elf pyromancers
  Pikel (D:5)
  An orc knight (D:10)
  A wolf spider (D:15)
  2 orc sorcerers (Orc:2)
  A shining eye (Gauntlet)
  12 ugly things
  3 fauns (Shoals:2)
  5 cyclopes
  A manticore (Shoals:1)
  A merfolk siren (Shoals:2)
  22 elephants
  3 black mambas
  A gargoyle (D:11)
  14 cane toads
  Maggie (D:10)
  An unseen horror (D:12)
  2 rime drakes (Lair:5)
  9 komodo dragons
  A tengu conjurer (D:13)
  A polar bear (Lair:6)
  6 trolls
  A merfolk (Shoals:1)
  Prince Ribbit (D:5)
  A raiju (Gauntlet)
  3 slime creatures (D:13)
  A snapping turtle (Shoals:1)
  5 dream sheep
  2 jumping spiders (Lair:4)
  25 blink frogs
  3 culicivoras (Lair:4)
  Sigmund (D:4)
  2 wraiths
  2 shadows
  2 wyverns
  A water elemental (Lair:2)
  5 basilisks
  20 humans (D:13)
  21 yaks
  Grum (D:10)
  3 redbacks (Lair:4)
  5 vampire mosquitoes
  5 steam dragons
  4 wargs
  Edmund (D:5)
  16 water moccasins
  2 floating eyes
  2 ice beasts
  22 orc warriors
  A black bear (Lair:4)
  A sky beast (D:6)
  A necrophage (D:6)
  6 centaurs
  9 wolves
  6 ogres
  3 lemures (D:5)
  2 kobold brigands (D:11)
  A gnoll sergeant (D:9)
  2 scorpions (D:6)
  11 bullfrogs
  A water moccasin skeleton (D:5)
  5 killer bees
  14 wights
  A vampire bat (D:4)
  7 howler monkeys
  A jelly (D:6)
  5 centaur zombies
  A gnoll shaman (D:5)
  3 hounds
  37 orc priests
  4 iguanas
  20 orc wizards
  7 hell rats (Lair:3)
  A killer bee zombie (D:7)
  A hound skeleton (D:4)
  A howler monkey zombie (D:9)
  12 gnolls
  7 adders
  A shadow imp (D:7)
  A white imp (D:6)
  An ufetubus (D:5)
  2 adder skeletons (D:4)
  An adder zombie (D:5)
  2 worms
  3 dart slugs
  3 fire bats (D:4)
  80 orcs
  2 spectral bats (D:4)
  5 ball pythons
  3 bat skeletons (D:4)
  A bat zombie (D:4)
  7 endoplasms
  A giant cockroach (D:3)
  4 hobgoblins
  8 kobolds
  3 quokkas
  13 bats
  A bat simulacrum (D:4)
  2 frilled lizards (D:1)
  6 goblins
  A hobgoblin zombie (Ossuary)
  5 rats
629 creatures vanquished.

Vanquished Creatures (collateral kills)
  A boulder beetle (D:13)
  2 death yaks (D:10)
  2 orc high priests
  A harpy (Shoals:1)
  An orc sorcerer (D:10)
  A water nymph (Shoals:1)
  A cane toad (Lair:5)
  5 dream sheep
  4 slime creatures (D:13)
  A blink frog (Lair:1)
  A human (D:13)
  An orc warrior (Orc:2)
  An electric eel (Lair:5)
  An orc priest (Orc:2)
  3 orc wizards
  An orc (D:10)
27 creatures vanquished.

Vanquished Creatures (others)
  An orc (Orc:1)
  22 demonic plants (Gauntlet)
  39 fungi
  166 plants
228 creatures vanquished.

Grand Total: 884 creatures vanquished

Notes
Turn   | Place    | Note
-------+----------+-------------------------------------------
     0 | D:1      | jjjjhere the Spriggan Brigand began the quest for the Orb.
     0 | D:1      | Reached XP level 1. HP: 10/10 MP: 2/2
   230 | D:1      | Reached skill level 6 in Stealth
   270 | D:1      | Reached XP level 2. HP: 14/14 MP: 3/3
   274 | D:1      | Found a faded altar of an unknown god.
  1124 | D:2      | Found Tanweum's Antique Armour Shoppe.
  1182 | D:2      | Reached XP level 3. HP: 18/18 MP: 4/4
  1320 | D:2      | HP: 5/18 [poisoned by a kobold]
  2191 | D:3      | HP: 5/18 [constriction (1)]
  2422 | D:3      | Found Hailoq's Magic Scroll Emporium.
  2508 | D:3      | Reached XP level 4. HP: 12/22 MP: 5/5
  2577 | D:3      | HP: 6/22 [gnoll (4)]
  2604 | D:3      | HP: 3/22 [gnoll (5)]
  2925 | D:3      | Bought a scroll of blinking for 97 gold pieces
  3275 | D:4      | Noticed Sigmund
  3278 | D:4      | Killed Sigmund
  3279 | D:4      | Reached skill level 5 in Short Blades
  3279 | D:4      | Reached skill level 7 in Stealth
  3279 | D:4      | Reached XP level 5. HP: 25/25 MP: 6/6
  3279 | D:4      | Reached XP level 6. HP: 30/30 MP: 7/7
  3754 | D:4      | HP: 9/30 [orc wizard/magic dart (6)]
  3971 | D:4      | Found Viumin's Armour Emporium.
  4313 | D:4      | Reached skill level 8 in Stealth
  4492 | D:4      | Reached skill level 5 in Dodging
  4506 | D:4      | Reached XP level 7. HP: 31/33 MP: 8/8
  4631 | D:5      | Entered Level 5 of the Dungeon
  4804 | D:5      | Found a sand-covered staircase.
  4807 | D:5      | Noticed Edmund
  4821 | Ossuary  | Entered an ossuary
  4891 | D:5      | Killed Edmund
  4892 | D:5      | Reached skill level 9 in Stealth
  5195 | D:5      | HP: 2/33 [ogre (20)]
  5522 | D:5      | Noticed Prince Ribbit
  5790 | D:5      | Noticed Pikel
  6020 | D:5      | Found a burning altar of Makhleb.
  6025 | D:5      | Reached XP level 8. HP: 37/37 MP: 9/9
  6236 | D:5      | Killed Pikel
  6237 | D:5      | Reached skill level 10 in Stealth
  6255 | D:5      | Became a worshipper of Makhleb the Destroyer
  6513 | D:5      | Reached skill level 11 in Stealth
  6944 | D:5      | Killed Prince Ribbit
  7056 | D:5      | Reached * piety under Makhleb
  7100 | D:6      | Found Petig's Antique Armour Shop.
  7105 | D:6      | Reached XP level 9. HP: 41/41 MP: 10/10
  7183 | D:6      | Noticed a deep elf pyromancer
  7186 | D:6      | Killed a deep elf pyromancer
  7187 | D:6      | Reached skill level 12 in Stealth
  7522 | D:6      | HP: 5/41 [steam dragon/ball of steam (11)]
  8242 | D:6      | Reached skill level 10 in Dodging
  8252 | D:6      | Reached skill level 13 in Stealth
  8362 | D:6      | Found a runed translucent gate.
  8362 | D:6      | You fall into a shaft and drop 3 floors!
  8444 | D:9      | Found Sienk's Antique Weapon Boutique.
  8781 | D:7      | Found a staircase to the Ecumenical Temple.
  8925 | D:6      | Found a runed translucent gate.
  8925 | D:6      | Found a runed translucent gate.
  8926 | D:6      | Found an opulent altar of Gozag.
  8928 | D:6      | Noticed a two-headed ogre
  8928 | D:6      | Noticed danielguo94's ghost (amateur GrFi)
  9310 | D:6      | Bought an embroidered cloak for 180 gold pieces
 10117 | D:7      | Reached XP level 10. HP: 38/46 MP: 11/11
 10190 | D:8      | Reached ** piety under Makhleb
 10293 | D:8      | Found a hazy altar of Hepliaklqana.
 10294 | D:8      | Found a faded altar of an unknown god.
 10530 | D:8      | Noticed an elephant
 10531 | D:8      | Noticed an elephant
 10574 | D:8      | Killed an elephant
 10575 | D:8      | Reached skill level 1 in Invocations
 10602 | D:8      | Killed an elephant
 10603 | D:8      | Reached skill level 14 in Stealth
 10632 | D:8      | Noticed an elephant
 10636 | D:8      | Noticed an elephant
 10691 | D:8      | Killed an elephant
 10747 | D:8      | Killed an elephant
 11492 | D:8      | Found an ancient bone altar of Kikubaaqudgha.
 12085 | D:9      | Reached skill level 15 in Stealth
 12240 | D:9      | Found a staircase to the Orcish Mines.
 12506 | D:9      | Noticed Harold
 12513 | D:9      | Killed Harold
 12751 | D:10     | Entered Level 10 of the Dungeon
 12751 | D:10     | Noticed Urug
 12754 | D:10     | Killed Urug
 12755 | D:10     | Reached XP level 11. HP: 49/49 MP: 15/15
 12771 | D:10     | Noticed Nergalle
 12778 | D:10     | Killed Nergalle
 12779 | D:10     | Reached skill level 5 in Invocations
 13139 | D:10     | Found a sacrificial altar of Ru.
 13139 | D:10     | Found a glowing golden altar of the Shining One.
 13232 | D:10     | Noticed Grum
 13285 | D:9      | Reached skill level 16 in Stealth
 13403 | D:10     | Killed Grum
 13403 | D:10     | Reached *** piety under Makhleb
 13530 | D:10     | Noticed Maggie
 13583 | D:10     | Killed Maggie
 13791 | D:11     | Noticed an orc sorcerer
 13793 | D:11     | Noticed an orc knight
 13795 | D:11     | Paralysed by an orc sorcerer for 4 turns
 13891 | D:11     | Noticed a death yak
 13891 | D:11     | Noticed a death yak
 13892 | D:11     | Found a staircase to the Lair.
 13896 | D:11     | Noticed a death yak
 13896 | D:11     | Noticed a death yak
 13897 | D:11     | Killed a death yak
 13899 | D:11     | Noticed a death yak
 13899 | D:11     | Noticed a death yak
 13899 | D:11     | Noticed a death yak
 13899 | D:11     | Noticed a death yak
 13899 | D:11     | Noticed a death yak
 14069 | D:11     | Reached skill level 1 in Long Blades
 14275 | D:10     | Killed an orc knight
 14304 | D:11     | Got the Catalogue of Gliding Hexes
 14576 | D:11     | Noticed a two-headed ogre
 14616 | D:11     | Killed a two-headed ogre
 14699 | D:11     | Noticed a two-headed ogre
 14961 | D:11     | Killed a two-headed ogre
 15007 | D:11     | Reached skill level 17 in Stealth
 15062 | D:11     | Noticed a six-headed hydra
 15117 | D:11     | Killed a six-headed hydra
 15510 | D:10     | Killed a death yak
 15511 | D:10     | Reached XP level 12. HP: 38/53 MP: 18/18
 15649 | D:11     | Killed a death yak
 15804 | D:10     | HP: 16/53 [death yak (19)]
 16129 | D:10     | Killed a death yak
 16639 | D:10     | Killed a death yak
 17015 | D:10     | Killed a death yak
 17276 | D:10     | Killed a death yak
 17442 | D:10     | Killed a death yak
 17547 | D:11     | Killed a death yak
 17548 | D:11     | Reached skill level 18 in Stealth
 17555 | Lair:1   | Entered Level 1 of the Lair of Beasts
 17574 | Lair:1   | You fall into a shaft and drop 1 floor!
 17825 | Lair:1   | Reached skill level 5 in Long Blades
 17888 | Lair:1   | Noticed a six-headed hydra
 17969 | Lair:1   | Killed a six-headed hydra
 18522 | Lair:1   | HP: 4/53 [komodo dragon (26)]
 19457 | Lair:1   | HP: 17/53 [komodo dragon (26)]
 19916 | Lair:2   | Found a transporter.
 19973 | Lair:2   | Reached skill level 19 in Stealth
 20238 | Lair:2   | Found a transporter.
 20311 | Lair:2   | Reached XP level 13. HP: 58/58 MP: 20/20
 20380 | Lair:2   | Found a staircase to the Shoals.
 20919 | Lair:3   | Noticed Snorg
 20926 | Lair:3   | Killed Snorg
 22058 | Lair:4   | Noticed Nessos
 22083 | Lair:4   | Killed Nessos
 22254 | Lair:3   | Reached skill level 1 in Evocations
 22533 | Lair:4   | Reached **** piety under Makhleb
 22567 | Lair:4   | Reached skill level 10 in Invocations
 22642 | Lair:3   | HP: 4/60 [dream sheep (16)]
 22894 | Lair:4   | Found a hole to the Spider Nest.
 23685 | Lair:4   | Reached skill level 5 in Evocations
 24287 | Lair:5   | Found a bloodstained altar of Trog.
 24557 | Lair:5   | Found a gate leading to a gauntlet.
 24594 | Gauntlet | Entered a Gauntlet
 24594 | Gauntlet | Found a transporter.
 24594 | Gauntlet | Found a transporter.
 24624 | Gauntlet | Found a transporter.
 24624 | Gauntlet | Found a transporter.
 24627 | Gauntlet | Found a large runed translucent door.
 24628 | Gauntlet | Found a large runed translucent door.
 24629 | Gauntlet | Found a large runed translucent door.
 24629 | Gauntlet | Found a runed translucent door.
 24630 | Gauntlet | Found a large runed translucent door.
 24630 | Gauntlet | Found a large runed translucent door.
 24630 | Gauntlet | Found a runed translucent door.
 24631 | Gauntlet | Found a large runed translucent door.
 24631 | Gauntlet | Found a large runed translucent door.
 24631 | Gauntlet | Found a large runed translucent door.
 24631 | Gauntlet | Found a large runed translucent door.
 24631 | Gauntlet | Found a large runed translucent door.
 24655 | Gauntlet | Noticed a dire elephant
 24733 | Gauntlet | Found a large runed translucent door.
 24733 | Gauntlet | Found a large runed translucent door.
 24734 | Gauntlet | Found a runed translucent gate.
 24734 | Gauntlet | Found a runed translucent gate.
 24734 | Gauntlet | Found a runed translucent gate.
 24736 | Gauntlet | Found a transporter.
 24740 | Gauntlet | Found a transporter.
 24742 | Gauntlet | Noticed a blizzard demon
 24743 | Gauntlet | Found a transporter.
 24746 | Gauntlet | Found a transporter.
 24775 | Gauntlet | Found a large runed translucent door.
 24776 | Gauntlet | Found a large runed translucent door.
 24778 | Gauntlet | Found a transporter.
 24802 | Gauntlet | Found a transporter.
 24822 | Gauntlet | Found a transporter.
 24838 | Gauntlet | Found a transporter.
 24840 | Gauntlet | Noticed a quicksilver ooze
 24842 | Gauntlet | Found a large runed translucent door.
 24842 | Gauntlet | Found a large runed translucent door.
 24861 | Gauntlet | Found a transporter.
 24993 | Gauntlet | Found a transporter.
 25009 | Gauntlet | Found a transporter.
 25024 | Gauntlet | Found a transporter.
 25170 | Gauntlet | Gained mutation: You are frail. (-10% HP) [a shining eye]
 25251 | Gauntlet | Identified the +0 hat "Sethrang" {rPois Int+4 Dex+4}
 25425 | Gauntlet | Noticed a minotaur
 26111 | Lair:5   | Reached XP level 14. HP: 35/58 MP: 23/23
 26135 | Lair:5   | Identified a scroll of acquirement
 26605 | Lair:6   | Entered Level 6 of the Lair of Beasts
 26621 | Lair:6   | Found a staircase to the Slime Pits.
 26621 | Lair:6   | Found a viscous altar of Jiyva.
 26780 | Lair:6   | Reached skill level 1 in Shields
 27600 | Lair:6   | HP: 19/58 [something] (6)]
 27601 | Lair:6   | HP: 8/58 [something] (11)]
 28222 | Lair:6   | HP: 8/58 [fire crab] (24)]
 28669 | Orc:1    | Entered Level 1 of the Orcish Mines
 28924 | Orc:1    | Reached ***** piety under Makhleb
 29397 | Orc:1    | You fall into a shaft and drop 1 floor!
 29397 | Orc:2    | Entered Level 2 of the Orcish Mines
 29448 | Orc:2    | Noticed an orc warlord
 30355 | Orc:2    | Found a staircase to the Elven Halls.
 30987 | Orc:2    | Killed an orc warlord
 31584 | Orc:1    | HP: 12/58 [orc high priest/divine providence (10)]
 32219 | Orc:2    | HP: 11/58 [orc priest/divine providence (13)]
 32946 | Orc:2    | Found Mazeij's Antique Armour Emporium.
 32947 | Orc:2    | Found Juleug Rexe's Antique Armour Emporium.
 32962 | Orc:2    | Found Esocits's General Store.
 32968 | Orc:2    | Found Wagoarr's Book Shoppe.
 32984 | Orc:2    | Bought a potion of heal wounds for 70 gold pieces
 33155 | Orc:2    | Bought an embroidered scarf for 240 gold pieces
 35128 | D:12     | Reached XP level 15. HP: 35/61 MP: 25/25
 35299 | D:13     | Reached skill level 10 in Long Blades
 35362 | D:13     | HP: 20/61 [white ugly thing (34)]
 35375 | D:13     | Reached skill level 5 in Shields
 35681 | D:13     | Reached ****** piety under Makhleb
 35788 | D:13     | HP: 20/61 [very large slime creature (37)]
 36173 | D:13     | Found a gate to the Vaults.
 36247 | D:13     | Reached skill level 20 in Stealth
 36657 | D:14     | Acquired a +3 rapier of speed
 36661 | D:14     | Acquired a manual of Translocations
 36664 | D:14     | Acquired a manual of Throwing
 36667 | D:14     | Acquired the +7 quick blade of Sunlight {vorpal, *Corrode
                  | rF+ Str+7}
 36691 | D:14     | HP: 7/61 [boulder beetle (54)]
 37231 | D:14     | Found a bloodstained altar of Trog.
 37998 | D:15     | Entered Level 15 of the Dungeon
 38397 | D:15     | Found Esats's Antique Weapon Emporium.
 38407 | D:15     | Bought a polished long sword for 263 gold pieces
 38407 | D:15     | Identified the +6 long sword of Nightmares {venom, Fly
                  | Will- Int+3} (You bought it in a shop on level 15 of the
                  | Dungeon)
 38429 | D:15     | HP: 15/61 [orc knight (22)]
 38826 | D:15     | HP: 18/61 [skeletal warrior (23)]
 39131 | D:13     | HP: 4/61 [very large slime creature (39)]
 39560 | Shoals:1 | Entered Level 1 of the Shoals
 39836 | Lair:2   | Reached skill level 5 in Throwing
 40541 | Shoals:1 | HP: 14/61 [merfolk (17)]
 40822 | Shoals:1 | HP: 14/61 [harpy (7)]
 40835 | Shoals:1 | HP: 14/61 [harpy (8)]
 41380 | Shoals:1 | Learned a level 3 spell: Confusing Touch
 41621 | Shoals:2 | Noticed a kraken
 41694 | Shoals:2 | Reached skill level 1 in Hexes
 41728 | Shoals:2 | HP: 18/61 [drowned by a drowned soul[a merfolk avatar]
                  | (15)]
 41729 | Shoals:2 | HP: 4/61 [sea snake (12)]
 41731 | Shoals:2 | Succumbed to a sea snake's poison

Illustrated notes

Levels and vault maps discovered:
D:1:      saegor_arrival_simple_e, layout_loops_ring,
          ebering_ecumenical_altar_sacrificial, dk_noncrumbling_2,
          kennysheep_crisscross, chequers_serial_rivers_small_b
D:2:      layout_basic, serial_shops, shop
D:3:      layout_rooms, serial_shops, shop
D:4:      layout_loops_ring, serial_shops, nicolae_shop_hallway_stairs,
          goddamned_bats, uniq_sigmund
D:5:      layout_basic, makhleb_heckhound_becter, enter_ossuary_2, uniq_pikel,
          uniq_edmund, uniq_prince_ribbit1
D:6:      kb_forest_paths, layout_rooms, ebering_ghost_gozag,
          nicolae_stop_n_shop_2, guppyfry_early_elven_hall
D:7:      layout_loops_cross, minmay_temple_entry_glass, serial_rivers,
          chequers_serial_rivers_room_a, chequers_serial_rivers_micro_d,
          chequers_serial_rivers_micro_b, chequers_serial_rivers_room_b,
          hangedman_abyss_or_decor_slice
D:8:      wad_woods_stonehenge, layout_basic,
          beargit_hepliaklqana_dungeon_heroes, minmay_misc_feat_doors
D:9:      layout_small_grid, orc_0_dummy, serial_shops, shop, uniq_harold
D:10:     layout_small_grid, grunt_temple_overflow_open, uniq_nergalle,
          uniq_maggie, uniq_grum, uniq_urug
D:11:     layout_rooms, dpeg_lair_monsters, hangedman_corner_corridor
D:12:     layout_big_octagon
D:13:     layout_cave_pools, grunt_vaults_entry_tiered
D:14:     layout_basic, trog_three_pillars_becter
D:15:     hangedman_spin_cycle, serial_shops
Lair:1:   layout_misc_corridors, grunt_forest_small_clearing_treed
Lair:2:   gammafunk_worm_tunnel, layout_chaotic_city, shoals_dummy_entry,
          grunt_megastairs_2
Lair:3:   layout_cave_pods, chequers_serial_rivers_room_a, minmay_lindwurm_lava,
          lemuel_fruit_fields, infiniplex_staircase_pool, uniq_snorg
Lair:4:   layout_big_grid, nicolae_spider_entry_tight_spaces, uniq_nessos
Lair:5:   layout_loops_ring, gauntlet_entry_generic, basic_altar,
          serial_bayou_shore_a
Lair:6:   grunt_lair_end_beastmaster, layout_layer_cave, slime_altar_1
Shoals:1: layout_shoals
Shoals:2: layout_shoals, serial_shops, nicolae_shop_waterfront,
          regret_index_shoals_crete, uniq_donald
Orc:1:    layout_caves
Orc:2:    st_orc_mages, layout_diamond_mine, rock_pile

Skill      XL: |  1  2  3  4  5  6  7  8  9 10 11 12 13 14 15 |
---------------+----------------------------------------------+-----
Stealth        | 6 7 8 9 11 13 15 17 19 20 | 20.0
Dodging        | 2 4 5 6 8 10 12 14 | 14.7
Short Blades   | 3 5 6 8 9 |  9.9
Invocations    | 4 7 9 11 13 14 | 14.0
Long Blades    | 3 6 8 9 11 | 11.0
Fighting       | 2 3 |  3.0
Evocations     | 5 |  5.1
Shields        | 4 5 |  5.5
Throwing       | 6 |  6.1
Hexes          | 2 |  2.1

Action                   |  1- 3 |  4- 6 |  7- 9 | 10-12 | 13-15 || total
-------------------------+-------+-------+-------+-------+-------++-------
Melee: Dagger            |    25 |       |       |       |       ||    25
       Short sword       |    69 |   104 |   432 |   725 |  1608 ||  2938
       Punch             |       |       |     6 |    19 |    15 ||    40
       Scimitar          |       |       |       |   130 |   467 ||   597
       Long sword        |       |       |       |       |    41 ||    41
       Rapier            |       |       |       |       |    23 ||    23
       Quick blade       |       |       |       |       |     8 ||     8
 Fire: Hunting sling     |       |       |       |    10 |       ||    10
Throw: Dart              |    19 |    17 |    23 |       |       ||    59
       Stone             |       |       |     5 |       |       ||     5
       Boomerang         |       |       |     4 |     4 |     6 ||    14
Invok: Minor Destruction |       |       |       |   256 |   297 ||   553
       Lesser Servant of |       |       |       |     8 |    23 ||    31
Evoke: Wand              |       |       |       |       |     1 ||     1
  Use: Scroll            |       |       |    14 |    12 |     9 ||    35
       Potion            |       |       |       |       |     3 ||     3
 Stab: Sleeping          |    13 |    16 |    17 |    13 |    40 ||    99
       Distracted        |       |       |     5 |    13 |    31 ||    49
       Paralysed         |       |       |       |       |     1 ||     1
       Invisible         |       |       |       |       |    13 ||    13
Armor: Robe              |    13 |    37 |    34 |       |    78 ||   162
       Steam dragon scal |       |       |    11 |    97 |   130 ||   238
Dodge: Dodged            |    59 |   127 |   277 |   763 |  1939 ||  3165
       Repelled          |       |       |       |       |     2 ||     2
Block: Buckler           |       |       |       |       |   618 ||   618
